 Dungeon Crawl Stone Soup version 0.19.5 (webtiles) character file.

399 IcyNumb the Spear-Bearer (level 6, 0/48 HPs)
             Began as a Merfolk Monk on May 21, 2017.
             Succumbed to a scorpion's poison
             ... on level 4 of the Dungeon.
             The game lasted 00:22:56 (4402 turns).

IcyNumb the Spear-Bearer (Merfolk Monk)             Turns: 4402, Time: 00:22:57

Health: 0/48       AC: 10    Str: 13    XL:     6   Next: 84%
Magic:  6/6        EV: 13    Int:  9    God:
Gold:   129        SH:  4    Dex: 17    Spells: 0 memorised, 5 levels left

rFire  + . .     SeeInvis .     a - +0 spear
rCold  . . .     Gourm    .     j - +0 ring mail
rNeg   . . .     Faith    .     b - +0 buckler
rPois  .         Spirit   .     C - +2 helmet
rElec  .         Reflect  .     F - +0 cloak
rCorr  .         Harm     +     q - +0 pair of gloves
MR     .....                    (no boots)
Stlth  ++........               x - amulet of harm
                                (no ring)
                                B - ring of protection from fire

@: lethally poisoned (0 -> -2), hasted, very quick
A: change form in water, swift swim, stealthy swim
a: no special abilities


You were on level 4 of the Dungeon.
You were hungry.

You visited 1 branch of the dungeon, and saw 4 of its levels.

You collected 129 gold pieces.

Inventory:

Hand Weapons
 a - a +0 spear (weapon)
 o - a +0 spear
 E - a +2 quarterstaff of chaos
Armour
 b - a +0 buckler (worn)
 j - a +0 ring mail (worn)
 l - a +0 large shield
 q - a +0 pair of gloves (worn)
 C - a +2 helmet (worn)
 F - a +0 cloak (worn)
Jewellery
 x - an amulet of harm (around neck)
 B - a ring of protection from fire (left hand)
Scrolls
 d - a scroll of fear {unknown}
 e - a scroll of amnesia {unknown}
 g - 2 scrolls of enchant weapon {unknown}
 k - 2 scrolls of remove curse {unknown}
 m - a scroll of magic mapping {unknown}
 p - a scroll of fog {unknown}
 s - 5 scrolls of identify {unknown}
 v - a scroll of recharging {unknown}
 y - a scroll of teleportation {unknown}
 A - a scroll of random uselessness {unknown}
Potions
 f - a potion of lignification {unknown}
 i - a potion of ambrosia {unknown}
 n - 2 potions of haste
 r - 2 potions of curing {unknown}
 t - a potion of heal wounds {unknown}
 G - 2 potions of flight {unknown}
Books
 u - a book of Changes

   Spells                             Type                      Level
   a - Beastly Appendage              Transmutation                1
   b - Sticks to Snakes               Transmutation                2
   c - Spider Form                    Transmutation/Poison         3
   d - Ice Form                       Ice/Transmutation            4
   e - Blade Hands                    Transmutation                5
Comestibles
 c - 3 bread rations
 h - 5 fruits
 w - a royal jelly
 z - a meat ration
 D - 2 chunks of flesh


   Skills:
 + Level 3.8 Fighting
 * Level 9.5 Polearms
 + Level 4.8 Dodging
 - Level 2.1 Stealth
 + Level 1.6 Shields


You had 5 spell levels left.
You didn't know any spells.

Dungeon Overview and Level Annotations

Branches:
Dungeon (4/15)
 Temple: D:4-7

Altars:
Okawaru


Message History

You feel sick. The scorpion closely misses you.
You hit the scorpion but do no damage.
The scorpion is heavily wounded.
The scorpion stings you but does no damage.
You hit the scorpion but do no damage.
The scorpion is heavily wounded.
You hit the scorpion.
The scorpion is severely wounded.
The scorpion barely misses you.
You barely miss the scorpion.
The scorpion is severely wounded.
You feel sick.
Your ring mail prevents you from hitting the scorpion.
The scorpion is severely wounded.
The scorpion stings you!
* * * LOW HITPOINT WARNING * * *
You hit the scorpion.
You kill the scorpion!
It was a potion of haste.
You feel yourself speed up.
You die...

#.## ##...## ##...##
#..## ##...# ##...##
#.÷.## ##..## ##...#
#....## ##..## ##..#
#.....## ##..## ##..
#......## ##..## #..
#.......## ##..## ##.
#....†...## #...### ##
#....@....###.....## #
#######.#..........###
#.####.#####.... #.#
#.......### #.#
######.## #.# #.# #.#
#.# #.# #.# #.# #.#


There were no monsters in sight!

Vanquished Creatures
  An orc warrior (D:4)
  A scorpion (D:4)
  2 centaur skeletons (D:4)
  Crazy Yiuf (D:3)
  Robin (D:3)
  4 adders
  3 gnolls (D:2)
  An ooze (D:1)
  An adder zombie (D:4)
  An adder skeleton (D:4)
  A worm (D:2)
  3 dart slugs
  4 leopard geckos
  2 giant cockroaches
  14 goblins
  8 hobgoblins
  4 jackals (D:1)
  9 kobolds
  A quokka (D:2)
  2 ball pythons
  5 bats
  5 frilled lizards
  9 rats
83 creatures vanquished.

Notes
Turn   | Place    | Note
-------+----------+-------------------------------------------
     0 | D:1      | IcyNumb the Merfolk Monk began the quest for the Orb.
     0 | D:1      | Reached XP level 1. HP: 18/18 MP: 1/1
   203 | D:1      | Reached skill level 5 in Polearms
   208 | D:1      | Reached XP level 2. HP: 24/24 MP: 2/2
   441 | D:1      | Reached XP level 3. HP: 25/29 MP: 3/3
   571 | D:1      | Reached skill level 6 in Polearms
  1198 | D:2      | Reached skill level 7 in Polearms
  1198 | D:2      | Reached XP level 4. HP: 28/35 MP: 4/4
  2106 | D:2      | Reached skill level 8 in Polearms
  2199 | D:2      | Reached XP level 5. HP: 40/41 MP: 5/5
  2391 | D:3      | Found an iron altar of Okawaru.
  2444 | D:3      | Noticed Robin
  2501 | D:3      | Killed Robin
  2903 | D:3      | Found a runed door.
  3127 | D:3      | Noticed Crazy Yiuf
  3136 | D:3      | Killed Crazy Yiuf
  3471 | D:4      | Reached skill level 9 in Polearms
  3471 | D:4      | Reached skill level 1 in Shields
  3471 | D:4      | Reached XP level 6. HP: 25/47 MP: 6/6
  4287 | D:4      | Noticed an orc warrior
  4304 | D:4      | Killed an orc warrior
  4400 | D:4      | HP: 1/48 [scorpion (8)]
  4402 | D:4      | Succumbed to a scorpion's poison

Skill      XL: |  1  2  3  4  5 |
---------------+----------------+-----
Polearms       | 5 7 8 9 |  9.5
Shields        | 1 |  1.6
Fighting       | |  3.8
Dodging        | |  4.8
Stealth        | |  2.1

Action                   |  1- 3 |  4- 6 || total
-------------------------+-------+-------++-------
Melee: Spear             |   129 |   286 ||   415
  Use: Potion            |       |     1 ||     1
 Stab: Sleeping          |     4 |     5 ||     9
       Distracted        |       |     2 ||     2
  Eat: Chunk             |     1 |     8 ||     9
       Beef jerky        |       |     1 ||     1
Armor: Scale mail        |    20 |       ||    20
       Ring mail         |     5 |    54 ||    59
Dodge: Dodged            |    36 |    74 ||   110
Block: Buckler           |       |    11 ||    11
